 Dungeon Crawl Stone Soup version 0.31-a0-636-ge1c0e020e0 (webtiles) character file.

Game seed: 17074381997566891437

426 AdnanSaban the Cudgeller (level 6, -6/38 HPs)
             Began as a Gargoyle Fighter on Aug 26, 2023.
             Mangled by an ice beast (14 damage)
             ... on level 5 of the Dungeon.
             The game lasted 00:03:11 (3302 turns).

AdnanSaban the Cudgeller (Gargoyle Fighter)         Turns: 3302, Time: 00:03:11

Health: -6/38      AC: 15    Str: 22    XL:     6   Next: 97%
Magic:  6/6        EV:  8    Int:  8    God:
Gold:   254        SH:  4    Dex:  9    Spells: 5/5 levels left

rFire   . . .        a - +0 flail
rCold   . . .        c - +0 buckler
rNeg    + . .        t - +0 chain mail
rPois   ∞            (no helmet)
rElec   +            (no cloak)
rCorr   .            (no gloves)
SInv    +            q - +0 pair of boots
Will    .....        (no amulet) Stlth
                     o - ring of see invisible
HPRegen 0.26/turn    (no ring)
MPRegen 0.10/turn

%: no passive effects
@: no status effects
A: sickness immunity, AC +4, negative energy resistance 1, electricity
resistance, torment resistance 1, petrification resistance
a: no special abilities


You were on level 5 of the Dungeon.
You visited 1 branch of the dungeon, and saw 5 of its levels.

You collected 254 gold pieces.

Inventory:

Hand Weapons
 a - a +0 flail (weapon)
Missiles
 f - 6 poisoned darts
 k - 5 boomerangs
 w - 6 curare-tipped darts
Armour
 c - a +0 buckler (worn)
 q - a +0 pair of boots (worn)
 t - a +0 chain mail (worn)
Jewellery
 o - a ring of see invisible (left hand)
Scrolls
 b - a scroll of fear {unknown}
 e - a scroll of acquirement {unknown}
 i - 2 scrolls of poison {unknown}
 j - 2 scrolls of summoning {unknown}
 l - a scroll of enchant armour {unknown}
 n - 3 scrolls of identify {unknown}
 p - 2 scrolls of enchant weapon {unknown}
 v - 2 scrolls of teleportation {unknown}
 x - a scroll of noise {unknown}
 y - a scroll of vulnerability {unknown}
Potions
 d - a potion of might
 g - a potion of attraction {unknown}
 h - 3 potions of curing {unknown}
 m - 3 potions of brilliance {unknown}
 r - a potion of degeneration {unknown}
 s - a potion of enlightenment {unknown}
 u - a potion of cancellation {unknown}


   Skills:
 + Level 4.1 Fighting
 + Level 5.6 Maces & Flails
 + Level 4.4 Armour
 + Level 1.2 Dodging
 + Level 3.9 Shields


You had 5 spell levels left.
You didn't know any spells.
Your spell library contained the following spells:

 Spells                   Type           Power      Damage    Failure   Level
 Dispel Undead            Necr           0%         3d6       100%        4
 Death Channel            Necr           0%         N/A       100%        6
 Cigotuvi's Dreadful Rot  Necr/Pois/Air  Unusable   N/A       N/A         2

Dungeon Overview and Level Annotations

Branches:
Dungeon (5/15)
 Temple: D:4-7

Altars:
Kikubaaqudgha

Shops:
D:2 [


Innate Abilities, Weirdness & Mutations

You are immune to sickness and miasma.
Your stone body is resilient. (AC +4)
You are immune to poison.
You resist negative energy. (rN+)
You are resistant to electric shocks. (rElec)
You are resistant to unholy torment.
You are immune to petrification.


Message History

There is an escape hatch in the ceiling here.
An ice beast comes into view.
An ice beast is nearby!
An ice beast is nearby!
The ice beast hits you but does no damage.
An ice beast is nearby!
You hit the ice beast but do no damage.
The ice beast hits you but does no damage.
An ice beast is nearby!
You hit the ice beast but do no damage. The ice beast hits you.
The ice beast freezes you!
You hit the ice beast.
The ice beast is lightly wounded.
The ice beast hits you but does no damage.
You closely miss the ice beast.
The ice beast is lightly wounded.
The ice beast hits you. The ice beast freezes you!
You are too injured to fight recklessly!
You are too injured to fight recklessly!
You are too injured to fight recklessly!
The ice beast attacks as it pursues you!
You block the ice beast's attack.
There is an escape hatch in the ceiling here.
The ice beast attacks as it pursues you!
The ice beast hits you but does no damage.
The ice beast attacks as it pursues you!
The ice beast hits you but does no damage.
The ice beast attacks as it pursues you!
The ice beast hits you but does no damage.
The ice beast attacks as it pursues you!
You block the ice beast's attack.
There is a stone staircase leading up here.
You closely miss the ice beast. The ice beast hits you.
The ice beast freezes you!
* * * LOW HITPOINT WARNING * * *
The ice beast attacks as it pursues you!
The ice beast hits you.
* * * LOW HITPOINT WARNING * * *
The ice beast freezes you!
You die...

###### #..@.#
#.Y### #..#
###########<.#
#+##.........#..#
....<#######.##.###
.....# #......#
.....##############
............


You could see an ice beast.

Vanquished Creatures
  A black bear (D:4)
  A scorpion (D:4)
  A sleepcap (D:3)
  3 orc wizards (D:4)
  3 gnolls
  4 adders
  A worm zombie (D:4)
  2 worms (D:2)
  2 dart slugs (D:2)
  10 orcs
  14 endoplasms
  A giant cockroach (D:1)
  7 goblins
  9 hobgoblins
  2 jackals (D:1)
  8 kobolds
  9 ball pythons
  4 bats
  3 frilled lizards
  6 rats
91 creatures vanquished.

Notes
Turn   | Place    | Note
-------+----------+-------------------------------------------
     0 | D:1      | AdnanSaban the Gargoyle Fighter began the quest for the
                  | Orb.
     0 | D:1      | Reached XP level 1. HP: 14/14 MP: 1/1
    77 | D:1      | Reached XP level 2. HP: 19/19 MP: 2/2
   311 | D:1      | Reached XP level 3. HP: 24/24 MP: 3/3
  1052 | D:2      | You fall into a shaft and drop 2 floors!
  1077 | D:4      | Found a sand-covered staircase.
  1080 | D:4      | Noticed a black bear
  1235 | D:2      | Reached XP level 4. HP: 29/29 MP: 4/4
  1324 | D:2      | Reached skill level 3 in Maces & Flails
  1432 | D:2      | Found an ancient bone altar of Kikubaaqudgha.
  1543 | D:2      | Found Haylaon's Antique Armour Shoppe.
  1907 | D:3      | Reached XP level 5. HP: 31/33 MP: 5/5
  1995 | D:3      | Reached skill level 4 in Maces & Flails
  2003 | D:3      | Reached skill level 1 in Dodging
  2434 | D:4      | Reached XP level 6. HP: 30/38 MP: 6/6
  2548 | D:4      | Killed a black bear
  2549 | D:4      | Reached skill level 5 in Maces & Flails
  3256 | D:5      | Entered Level 5 of the Dungeon
  3274 | D:5      | Noticed an ice beast
  3302 | D:5      | Mangled by an ice beast

Illustrated notes

Levels and vault maps discovered:
D:1:      co_arrival_random_square_maze, layout_basic, minmay_unequal
D:2:      layout_loops_cross, serial_shops, nicolae_shop_tiny_statue_garden,
          basic_altar, minivault_25, guppyfry_early_lair_pool
D:3:      layout_rooms
D:4:      layout_loops_ring, enter_ossuary_3, chequers_serial_rivers_large_a
D:5:      layout_basic, minmay_a_box_with_orc_wizards_in_it, uniq_edmund

Skill      XL: |  1  2  3  4  5  6 |
---------------+-------------------+-----
Maces & Flails | 3 4 5 |  5.6
Dodging        | 1 |  1.2
Armour         | 4 |  4.4
Fighting       | 4 |  4.1
Shields        | |  3.9

Action                     |  1- 3 |  4- 6 || total
---------------------------+-------+-------++-------
  Melee: Flail             |   113 |   179 ||   292
 Armour: Scale mail        |    73 |    21 ||    94
         Chain mail        |       |   104 ||   104
  Dodge: Dodged            |    58 |    79 ||   137
  Block: Buckler           |    18 |    39 ||    57

Table legend: (Time is in decaauts)
 A = Elapsed time spent in this place.
 B = Non-inter-level travel time spent in this place.
 C = Inter-level travel time spent in this place.
 D = Time resting spent in this place.
 E = Time spent auto-exploring this place.
 F = Levels seen in this place.
 G = Mean time per level.
                   A        B        C        D        E       F      G
               +--------+--------+--------+--------+--------+-----+--------+
         Total |   3393 |   3247 |    146 |     82 |   2441 |   5 |  678.6 |
       Dungeon |   3393 |   3247 |    146 |     82 |   2441 |   5 |  678.6 |
               +--------+--------+--------+--------+--------+-----+--------+

Top non-repeatable levels by time:
     D:4: 966 daAuts
     D:2: 963 daAuts
     D:1: 832 daAuts
     D:3: 585 daAuts
     D:5: 46 daAuts
